 Dungeon Sprint DCSS version 0.21.1-1-g345015fe64 (webtiles) character file.

2127 Htamos the Spry (level 9, -6/76 HPs)
             Began as a Deep Dwarf Fighter on July 13, 2018.
             Was a Follower of Makhleb.
             Mangled by a deep troll (8 damage)
             ... in the Dungeon (Sprint I: "Red Sonja").
             The game lasted 00:05:15 (697 turns).

Htamos the Spry (Deep Dwarf Fighter)                 Turns: 697, Time: 00:05:16

Health: -6/76      AC:  6    Str: 24    XL:     9   Next: 8%
Magic:  0/0        EV: 18    Int:  8    God:    Makhleb [*.....]
Gold:   505        SH: 13    Dex: 12    Spells: 8/8 levels left

rFire    . . .     SeeInvis .   a - +0 war axe
rCold    . . .     Gourm    .   c - +0 shield
rNeg     . . .     Faith    .   b - +0 scale mail
rPois    .         Spirit   .   (no helmet)
rElec    .         Reflect  .   (no cloak)
rCorr    .         Harm     .   (no gloves)
MR       +....     NoTele   +   (no boots)
Stlth    ..........             (no amulet)
HPRegen  0.00/turn              (no ring)
MPRegen  0.07/turn              (no ring)

@: non-regenerating
A: damage resistance, heal wounds, sense surroundings 2, no regeneration
a: Heal Wounds, Renounce Religion


You were in the Dungeon.
You worshipped Makhleb.
Makhleb was aware of your devotion.
You were not hungry.

You visited 1 branch You collected 505 gold pieces.

Inventory:

Hand Weapons
 a - a +0 war axe (weapon)
Armour
 b - a +0 scale mail (worn)
 c - a +0 shield (worn)
Wands
 d - a wand of flame (15)
Scrolls
 k - a scroll of blinking
Potions
 e - a potion of curing
 h - a potion of haste
 i - 2 potions of magic
 j - a potion of berserk rage (quivered)
Comestibles
 f - 3 rations


   Skills:
 + Level 3.5 Fighting
 + Level 3.4 Axes
 - Level 3.2 Armour
 + Level 16.2 Dodging
 - Level 13.7 Shields


You had 8 spell levels left.
You didn't know any spells.

Dungeon Overview and Level Annotations

Branches:
Dungeon (1/1)

Altars:
Cheibriados
Dithmenos
Elyvilon
Fedhas
Gozag
Hepliaklqana
Kikubaaqudgha
Makhleb
Nemelex Xobeh
Okawaru
Qazlal
Ru
Sif Muna
Trog
Uskayaw
Vehumet
Wu Jian
Xom
Yredelemnul
Zin
The Shining One
Jiyva
Lugonu

Shops:
D :

Annotations:
D exclusion: oklob plant


Innate Abilities, Weirdness & Mutations

You are resistant to damage.
You can heal yourself by infusing magical energy.
You passively map the area around you.
You do not regenerate.


Message History

The deep troll claws you!
* * * LOW HITPOINT WARNING * * *
You block the deep troll's attack.
The deep troll claws you but does no damage.
The deep troll closely misses you.
Found 27 gold pieces.
There is an open door here.
You enter the shallow water.
Moving in this stuff is going to be slow.
Things that are here:
a shortbow; 15 arrows You barely miss the deep troll.
The deep troll is lightly wounded.
You block the deep troll's attack.
The deep troll claws you but does no damage. x2
You hit the deep troll.
The deep troll is lightly wounded.
You block the deep troll's attack. x2; The deep troll barely misses you.
The deep troll misses you. The deep troll claws you. The deep troll claws you!
You die...

################### *
#..').#.)'..#__#..+ * ,
, ').#..'..#..'..'..#,
, #####+#####'#__#### ,
* ### ,
#...#)####§§#### , +,
+*
#__####..##(#≈§≈§§#.§#
+* * ,, ,
#_____##'#_.§≈≈§@§§§§#
#_.∩...'..._#≈§T§§#.§#
+, ,,
#_..__##_.#'##'#####+#
#_____###+#.#§§..#*#P+,
** #######* ####'###
###, * * , , +$$.$,+ ,
, + + * * ,,##### **+ ,
** * ,, * , , , ,*, +*
*,, , , *, , ,


You could see a deep troll.

Vanquished Creatures
  2 centaur warriors (D)
  A hornet (D)
  A slime creature (D)
  Sigmund (D)
  A yak (D)
  An ogre (D)
  A jelly (D)
  Ijyb (D)
9 creatures vanquished.

Notes
Turn   | Place    | Note
-------+----------+-------------------------------------------
     0 | D        | Htamos the Deep Dwarf Fighter began the quest for the Orb.
     0 | D        | Reached XP level 1. HP: 20/20 MP: 1/1
     3 | D        | Noticed Ijyb
    11 | D        | Killed Ijyb
    11 | D        | Reached XP level 2. HP: 21/27 MP: 2/2
    17 | D        | Noticed an ogre
    29 | D        | Killed an ogre
    29 | D        | Reached skill level 10 in Shields
    29 | D        | Reached XP level 3. HP: 20/33 MP: 2/2
    29 | D        | Reached XP level 4. HP: 24/40 MP: 3/3
    39 | D        | Noticed Sigmund
    54 | D        | Killed Sigmund
    54 | D        | Reached XP level 5. HP: 37/46 MP: 3/3
    66 | D        | Found an ornate altar of the Wu Jian Council.
    66 | D        | Found a deep blue altar of Sif Muna.
    68 | D        | Found a radiant altar of Vehumet.
    72 | D        | Reached XP level 6. HP: 26/55 MP: 4/4
    78 | D        | Found a burning altar of Makhleb.
    78 | D        | Found a viscous altar of Jiyva.
    78 | D        | Found a shimmering altar of Xom.
    78 | D        | Found a corrupted altar of Lugonu.
    78 | D        | Noticed a slime creature
   111 | D        | Killed a slime creature
   111 | D        | Reached skill level 7 in Dodging
   114 | D        | Became a worshipper of Makhleb the Destroyer
   151 | D        | Found Oxtet's Book Emporium.
   151 | D        | Found an ancient bone altar of Kikubaaqudgha.
   151 | D        | Found a hazy altar of Hepliaklqana.
   151 | D        | Found a hide-covered altar of Uskayaw.
   151 | D        | Found a basalt altar of Yredelemnul.
   151 | D        | Found an opulent altar of Gozag.
   151 | D        | Found a snail-covered altar of Cheibriados.
   151 | D        | Found a sacrificial altar of Ru.
   151 | D        | Found a shadowy altar of Dithmenos.
   151 | D        | Noticed a yak
   167 | D        | Killed a yak
   167 | D        | Reached skill level 9 in Dodging
   167 | D        | Reached XP level 7. HP: 40/61 MP: 3/3
   168 | D        | Found a stormy altar of Qazlal.
   168 | D        | Found a blossoming altar of Fedhas.
   168 | D        | Found a bloodstained altar of Trog.
   168 | D        | Found an iron altar of Okawaru.
   168 | D        | Found a glowing golden altar of the Shining One.
   168 | D        | Found a glowing silver altar of Zin.
   168 | D        | Found a white marble altar of Elyvilon.
   169 | D        | Found a sparkling altar of Nemelex Xobeh.
   188 | D        | Noticed a centaur warrior
   188 | D        | Noticed a centaur warrior
   202 | D        | Killed a centaur warrior
   202 | D        | Reached skill level 14 in Dodging
   202 | D        | Reached XP level 8. HP: 44/68 MP: 4/4
   218 | D        | Killed a centaur warrior
   218 | D        | Reached * piety under Makhleb
   218 | D        | Reached skill level 16 in Dodging
   229 | D        | Noticed a hornet
   241 | D        | Paralysed by a hornet for 3 turns
   252 | D        | Killed a hornet
   252 | D        | Gained mutation: You passively map the area around you. [Deep Dwarf growth]
   252 | D        | Reached XP level 9. HP: 63/76 MP: 5/5
   262 | D        | Noticed an oklob plant
   515 | D        | HP: 1/76 [acid (14)]
   689 | D        | Noticed a deep troll
   692 | D        | HP: 2/76 [deep troll (6)]
   697 | D        | Mangled by a deep troll

Skill      XL: |  1  2  3  4  5  6  7  8 |
---------------+-------------------------+-----
Shields        | 7 10 13 | 13.7
Dodging        | 9 14 16 | 16.2
Fighting       | 3 |  3.5
Axes           | 3 |  3.4
Armour         | |  3.2

Action                   |  1- 3 |  4- 6 |  7- 9 || total
-------------------------+-------+-------+-------++-------
Melee: War axe           |    16 |    60 |    65 ||   141
 Abil: Heal Wounds       |     1 |     8 |    19 ||    28
  Use: Potion            |     2 |       |       ||     2
Armor: Scale mail        |     4 |     6 |    14 ||    24
Dodge: Dodged            |     3 |    17 |    51 ||    71
Block: Shield            |     5 |    33 |    66 ||   104
